 Dungeon Crawl Stone Soup version 0.21-a0-632-g1e37ce5 (webtiles) character file.

157 selimi01 the Firebug (level 5, -16/38 HPs)
             Began as a Hill Orc Fire Elementalist on Dec 28, 2017.
             Killed by miscasting Fireball (30 damage)
             ... on level 3 of the Dungeon.
             The game lasted 00:16:49 (2988 turns).

selimi01 the Firebug (Hill Orc Fire Elementalist)   Turns: 2988, Time: 00:16:49

Health: -16/38     AC:  2    Str: 12    XL:     5   Next: 38%
Magic:  0/7        EV: 12    Int: 15    God:
Gold:   189        SH:  0    Dex: 11    Spells: 1/7 levels left

rFire    . . .     SeeInvis .   i - +0 dagger
rCold    . . .     Gourm    .   (no shield)
rNeg     . . .     Faith    .   a - +0 robe
rPois    .         Spirit   .   (no helmet)
rElec    .         Reflect  .   (no cloak)
rCorr    .         Harm     .   (no gloves)
MR       .....                  (no boots)
Stlth    ++........             (no amulet)
HPRegen  0.12/turn              (no ring)
MPRegen  0.10/turn              (no ring)

@: slightly contaminated
A: no striking features
a: no special abilities


You were on level 3 of the Dungeon.
You were not hungry.

You visited 1 branch of the dungeon, and saw 3 of its levels.

You collected 189 gold pieces.

Inventory:

Hand Weapons
 i - a +0 dagger (weapon)
Missiles
 k - 59 bolts
Armour
 a - a +0 robe (worn)
Wands
 r - a wand of iceblast (10)
Scrolls
 d - a scroll of teleportation {unknown}
 e - 4 scrolls of identify {unknown}
 g - 2 scrolls of remove curse {unknown}
 j - 3 scrolls of immolation {unknown}
 o - 2 scrolls of enchant weapon {unknown}
 s - a scroll of amnesia {unknown}
Potions
 f - 2 potions of ambrosia
 h - a potion of heal wounds {unknown}
 l - 2 potions of magic {unknown}
 m - 2 potions of berserk rage {unknown}
 n - 2 potions of curing {unknown}
 p - 4 potions of haste {unknown}
 q - 2 potions of resistance {unknown}
 t - a potion of mutation {unknown}
Books
 b - a book of Flames

   Spells                             Type                      Level
   a - Flame Tongue                   Conjuration/Fire             1
   b - Throw Flame                    Conjuration/Fire             2
   c - Conjure Flame                  Conjuration/Fire             3
   d - Inner Flame                    Hexes/Fire                   3
   e - Sticky Flame                   Conjuration/Fire             4
   f - Fireball                       Conjuration/Fire             5
Comestibles
 c - 4 rations


   Skills:
 + Level 0.0 Fighting
 - Level 3.6 Armour
 - Level 1.5 Dodging
 - Level 1.5 Stealth
 - Level 1.5 Spellcasting
 + Level 1.0 Conjurations
 + Level 5.1 Fire Magic


You had one spell level left.
You knew the following spells:

 Your Spells              Type           Power        Failure   Level  Hunger
a - Flame Tongue          Conj/Fire      ##...        7%          1    ##.....
b - Fireball              Conj/Fire      ##........   88%         5    ######.


Dungeon Overview and Level Annotations

Branches:
Dungeon (3/15)

Altars:
Fedhas
Nemelex Xobeh


Message History

The jackal bites you but does no damage.
The jackal bites you. The adder bites you. The jackal bites you.
The jackal closely misses you.
Found a stone staircase leading up.
The jackal bites you. The jackal bites you. The jackal barely misses you.
Casting: Fireball
Confirm with . or Enter, or press ? or * to list all spells.
The spell is very dangerous to cast!
Continue anyway?
Aiming: Fireball
Press: ? - help, Shift-Dir - straight line, f - jackal
Aim: a jackal That beam is likely to hit you.
Continue anyway?
You miscast Fireball.
You are lightly contaminated with residual magic.
You are blasted with magical energy!
Ouch! That really hurt!
You die...

#####.........#..............
........................>.#..
.......######........#....#
.......'....#..#####.#.##.#
.......####+#..#..<..#.# .#
.####............#.###.# .#
.# #............# .# .#
#..........hh#
.####.........Sh@#
.##.......########
.##.......#### .##..........#
.##..........# .##..........#
.##..........# .##.........##
.##.......### #.........


You could see an adder and 3 jackals.

Vanquished Creatures
  Ijyb (D:3)
  5 adders
  A shadow imp (D:2)
  An ooze (D:2)
  2 worms
  2 dart slugs
  3 leopard geckos
  An orc (D:3)
  2 giant cockroaches
  4 goblins
  5 hobgoblins
  8 jackals
  A quokka (D:3)
  11 bats
  5 frilled lizards
  5 kobolds
  7 rats
  A plant (D:2)
65 creatures vanquished.

Notes
Turn   | Place    | Note
-------+----------+-------------------------------------------
     0 | D:1      | selimi01 the Hill Orc Fire Elementalist began the quest for the Orb.
     0 | D:1      | Reached XP level 1. HP: 14/14 MP: 3/3
   223 | D:1      | Reached skill level 1 in Armour
   255 | D:1      | Reached XP level 2. HP: 20/20 MP: 2/4
   838 | D:2      | Reached skill level 4 in Fire Magic
   838 | D:2      | Reached XP level 3. HP: 26/26 MP: 3/5
   882 | D:2      | HP: 1/26 [poisoned by an adder]
   985 | D:2      | Found a blossoming altar of Fedhas.
  1015 | D:2      | Reached XP level 4. HP: 13/33 MP: 0/6
  2290 | D:3      | Reached XP level 5. HP: 25/38 MP: 3/7
  2633 | D:3      | Noticed Ijyb
  2704 | D:3      | Killed Ijyb
  2704 | D:3      | Reached skill level 5 in Fire Magic
  2723 | D:3      | Learned a level 5 spell: Fireball
  2910 | D:3      | Found a sparkling altar of Nemelex Xobeh.
  2988 | D:3      | Killed by miscasting Fireball

Vault maps used:
D:1:      onia_arrival_mini_spirals, roderic_three_in_a_row
D:2:      first_ration, eino_tiny_chamber, fedhas_altar_1
D:3:      nemelex_altar_shiori, uniq_ijyb

Skill      XL: |  1  2  3  4  5 |
---------------+----------------+-----
Armour         | 1 2 3 |  3.6
Fire Magic     | 4 5 |  5.1
Dodging        | |  1.5
Stealth        | |  1.5
Spellcasting   | |  1.5
Conjurations   | |  1.0

Action                   |  1- 3 |  4- 6 || total
-------------------------+-------+-------++-------
Melee: Unarmed           |    25 |       ||    25
       Dagger            |    62 |   218 ||   280
 Cast: Flame Tongue      |    30 |    56 ||    86
       Fireball          |       |     1 ||     1
  Use: Potion            |     1 |       ||     1
 Stab: Sleeping          |     1 |     1 ||     2
  Eat: Chunk             |     1 |     1 ||     2
       Ration            |       |     3 ||     3
Armor: Robe              |    29 |    37 ||    66
Dodge: Dodged            |    84 |   111 ||   195

Table legend:
 A = Spawn XP
 B = Non-spawn XP
 C = Spawn XP percentage of total XP
 D = Spawn monster count
 E = Non-spawn monster count
 F = Spawn count percentage of total count
 G = Total turns spent on level
                    A         B        C        D         E        F      G
               +---------+---------+-------+---------+---------+-------+---------
         Total |       0 |     225 |   0.0 |       0 |      64 |   0.0 |  2988
               +---------+---------+-------+---------+---------+-------+---------
           D:1 |       0 |      28 |   0.0 |       0 |      18 |   0.0 |   837
           D:2 |       0 |     113 |   0.0 |       0 |      28 |   0.0 |  1262
           D:3 |       0 |      84 |   0.0 |       0 |      18 |   0.0 |   889
               +---------+---------+-------+---------+---------+-------+---------
